AoeStats
← l.bitschnau

Highland

505940201Analyzed
4v4 RM · 20d ago on Sep 11, 2026· 44m 56s· 8 players
Game mode
Random Map
Map size
Large (8 player)
Population
200
Speed
Normal
Resources
Standard
Victory
Conquest
Starting age
Dark Age
Ending age
Imperial Age
RankedLock teamsTeams togetherTeam positionsShared explorationLock speedFull tech treeHidden civsTurbo modeCheats
Victory
Defeat
🇸🇪 Burgundians · Sweden
919
+14
🇧🇷 Hindustanis · Brazil
902
+14
🇩🇪 Magyars · Germany
883
+15
🇲🇽 Franks · Mexico
878
+15
🇨🇭 Spanish · Switzerland
908
-17
🇨🇭 Khmer · Switzerland
884
-42
🇨🇭 Bulgarians · Switzerland
883
-15
🇨🇭 Franks · Switzerland
785
-11
DeathPanther
3:41 Loom
12:37 Feudal Age
19:38 Castle Age
17:26 Double-Bit Axe
18:59 Stone Mining
19:00 Gold Mining
22:03 Caravan
24:29 Wheelbarrow
24:46 Bow Saw
26:05 Fervor
26:54 Husbandry
28:04 Hand Cart
29:06 Forging
29:01 Scale Barding Armor
31:17 Gold Shaft Mining
32:14 Iron Casting
31:59 Chain Barding Armor
34:21 Chain Barding Armor
38:33 Imperial Age
39:07 Ballistics
38:43 Murder Holes
38:41 Fletching
38:52 Scale Mail Armor
38:41 Town Watch
38:47 Cavalier
40:29 Blast Furnace
40:04 Plate Barding Armor
40:32 Chemistry
41:21 Conscription
41:37 Hoardings
41:12 Chivalry
44:15 Paladin
45:17 #83
aos.ceus
2:39 Loom
15:04 Feudal Age
19:04 Castle Age
16:53 Horse Collar
17:55 Double-Bit Axe
21:25 Gold Mining
21:31 Stone Mining
21:54 Bow Saw
22:11 Forging
23:17 Heavy Plow
23:51 Scale Mail Armor
24:27 Iron Casting
30:38 Imperial Age
29:34 Iron Casting
29:16 Chain Mail Armor
29:40 Gold Shaft Mining
29:17 Fishing Lines
30:43 Squires
30:34 Arson
31:51 Conscription
32:45 Bloodlines
35:15 Scale Barding Armor
36:12 Blast Furnace
36:02 Husbandry
38:25 Wheelbarrow
37:41 Heavy Camel Rider
40:07 Chain Barding Armor
43:39 Imperial Camel Rider
Hamza Khan
0:31 Loom
9:46 Double-Bit Axe
12:47 Feudal Age
12:06 Horse Collar
14:01 Wheelbarrow
13:47 Bow Saw
13:54 Heavy Plow
17:11 Stone Mining
17:24 Stone Mining
19:49 Castle Age
17:53 Gold Mining
18:27 Town Watch
19:35 Stone Shaft Mining
19:56 Gold Shaft Mining
20:30 Fishing Lines
22:44 Gillnets
24:49 Pikeman
25:29 Squires
28:06 Imperial Age
25:41 Squires
25:27 Arson
25:40 Pikeman
28:05 Two-Man Saw
27:54 Hand Cart
27:47 Town Watch
28:44 Crop Rotation
27:56 Elite Skirmisher
31:08 Chemistry
31:09 Conscription
31:07 Scale Mail Armor
32:46 Arrowslits
33:09 Fletching
33:19 Padded Archer Armor
33:30 Forging
33:36 Chain Mail Armor
33:30 Scale Barding Armor
34:28 Burgundian Vineyards
33:58 Halberdier
34:46 Padded Archer Armor
34:43 Fletching
36:52 Leather Archer Armor
37:12 Iron Casting
37:08 Plate Mail Armor
36:57 Town Patrol
38:10 Caravan
38:40 Coinage
38:21 Guilds
39:31 Chain Barding Armor
39:06 Bodkin Arrow
39:57 Elite Coustillier
Mistăr
0:39 Loom
11:17 Feudal Age
11:45 Double-Bit Axe
11:42 Horse Collar
21:19 Castle Age
20:01 Stone Mining
20:09 Gold Mining
22:03 Arson
22:50 Bow Saw
23:14 Husbandry
23:24 Bloodlines
22:36 Light Cavalry
23:56 Heavy Plow
26:06 Corvinian Army
27:44 Scale Barding Armor
28:19 Fletching
29:14 Wheelbarrow
33:22 Thumb Ring
34:06 Chain Barding Armor
33:52 Pikeman
37:40 Scale Mail Armor
37:36 Bodkin Arrow
39:18 Gold Shaft Mining
44:43 Imperial Age
42:29 Hand Cart
heritchan
9:35 Loom
11:48 Feudal Age
16:09 Wheelbarrow
15:18 Horse Collar
19:01 Castle Age
17:39 Double-Bit Axe
18:01 Gold Mining
20:18 Hand Cart
20:08 Heavy Plow
20:26 Bow Saw
23:37 Pikeman
24:45 Forging
25:07 Scale Mail Armor
28:17 Padded Archer Armor
28:08 Fletching
35:24 Imperial Age
33:44 Squires
36:02 Iron Casting
35:38 Cavalier
40:17 Scale Barding Armor
41:14 Blast Furnace
40:18 Husbandry
40:31 Bloodlines
43:12 Chain Barding Armor
l.bitschnau
11:42 Feudal Age
18:10 Castle Age
19:19 Double-Bit Axe
19:27 Gold Mining
22:15 Loom
26:40 Forging
27:06 Scale Mail Armor
27:44 Husbandry
29:31 Wheelbarrow
30:18 Chain Mail Armor
30:46 Iron Casting
31:54 Scale Barding Armor
35:41 Man-at-Arms
36:06 Gambesons
36:24 Squires
38:28 Chain Barding Armor
UncleMoradin
11:55 Feudal Age
14:22 Wheelbarrow
20:34 Castle Age
fhoebs
11:56 Feudal Age
12:23 Double-Bit Axe
12:30 Horse Collar
16:01 Loom
19:39 Castle Age
20:52 Bow Saw
20:48 Heavy Plow
20:53 Gold Mining
21:10 Husbandry
21:25 Bloodlines
23:45 Squires
24:35 Wheelbarrow
24:49 Stone Mining
26:48 Scale Barding Armor
26:55 Forging
28:01 Chain Barding Armor
28:51 Hand Cart
30:09 Iron Casting
29:36 Scale Mail Armor
32:05 Masonry
32:41 Stone Shaft Mining
32:41 Gold Shaft Mining
33:15 Chain Mail Armor
35:50 Stirrups
42:03 Imperial Age
42:12 Elite Konnik
Connection lost

Rejoining the realm…

Still unreachable

The connection could not be restored.

Session expired

The server has moved on; the page needs a fresh start.